AoeStats
← Sr. Matanza

Migration

509993929Analyzed
1v1 RM · 3d ago on Sep 29, 2026· 27m 49s· 2 players
Game mode
Random Map
Map size
132×132
Population
200
Speed
Normal
Resources
Standard
Victory
Conquest
Starting age
Dark Age
Ending age
Imperial Age
RankedLock teamsTeams togetherTeam positionsShared explorationLock speedFull tech treeHidden civsTurbo modeCheats
Victory
Defeat
🇦🇷 Inca · Argentina
662
+13
🇨🇴 Persians · Colombia
605
-13
Matadito
10:36 Feudal Age
11:05 Double-Bit Axe
22:37 Castle Age
21:02 Fletching
25:02 Husbandry
25:06 Bodkin Arrow
25:56 Squires
Sr. Matanza
5:08 Loom
13:22 Feudal Age
20:55 Castle Age
18:49 Fletching
20:49 Forging
20:40 Scale Mail Armor
20:41 Padded Archer Armor
21:42 Pikeman
25:14 Medium Warships
26:21 Demolition Ship
26:42 Fishing Lines
Connection lost

Rejoining the realm…

Still unreachable

The connection could not be restored.

Session expired

The server has moved on; the page needs a fresh start.